Map: Bridgehead LE (Void)

Players

Aniaki - Winner!

  • Race: Protoss Protoss
  • League: Silver

SticklerMac

  • Race: Zerg Zerg
  • League: Silver

VOD

Have the link to the VOD?

Description

Time

  • Played on: Aug. 23, 2015, 10:59 a.m.
  • Length: 8:58
Show
View Real Time Build Order
Export as new Build Order

Aniaki Protoss - Winner!

Build Orders: 1 Gate Expand 

Get SALT Encoding   

  12  0:01  Probe  
  13  0:13  Probe  
  14  0:22  Pylon  
  14  0:25  Probe  
  15  0:40  Probe  
  16  0:45  Gateway  
  16  0:52  Probe  
  17  1:00  Assimilator  
  17  1:04  Probe  
  18  1:17  Probe  
  19  1:29  Probe  
  20  1:41  Probe, Nexus  
  20  1:43  Pylon  
  21  1:52  Zealot  
  23  2:01  Probe  
  24  2:13  Probe  
  24  2:24  Assimilator  
  24  2:25  Probe  
  25  2:30  Cybernetics Core  
  25  2:34  Pylon  
  25  2:41  Gateway  
  25  2:44  Zealot  
  25  2:48  Probe  
  28  2:52  Warp Gate  
  28  2:56  Probe  
  29  3:00  Probe  
  30  3:08  Probe  
  30  3:12  Probe  
  32  3:13  Robotics Facility  
  32  3:24  Zealot  
  32  3:31  Zealot  
  30  3:51  Zealot  
  32  3:58  Zealot  
  34  4:12  Probe  
  35  4:18  Zealot  
  35  4:20  Probe  
  36  4:24  Probe  
  36  4:25  Zealot  
  38  4:33  Probe  
  38  4:36  Immortal  
  43  4:40  Gateway  
  43  4:42  Gateway  
  43  4:45  Probe, Zealot  
  44  4:57  Probe  
  45  5:14  Probe  
  45  5:15  Probe  
  45  5:27  Probe  
  45  5:28  Probe  
  41  5:39  Probe  
  41  5:40  Probe  
  43  5:46  Zealot x4  
  45  5:51  Probe  
  45  5:52  Probe  
  47  6:03  Probe  
  43  6:13  Zealot x4  
  43  6:15  Probe  
  42  6:39  Probe  
  43  6:40  Stalker x3, Zealot  
  43  6:41  Pylon  
  49  6:47  Probe  
  50  6:59  Probe  
  50  7:00  Pylon  
  51  7:07  Zealot  
  53  7:10  Zealot x2  
  53  7:11  Probe  
  58  7:26  Probe  
  49  7:38  Probe  
  49  7:41  Zealot  
  49  7:42  Zealot  
  56  7:48  Probe  
  56  7:50  Probe  
  56  8:00  Probe  
  56  8:01  Adept  
  56  8:02  Probe  
  60  8:12  Probe  
  61  8:14  Probe  
  62  8:24  Probe  
  62  8:26  Probe  
  64  8:35  Stalker  
  64  8:36  Probe  
  64  8:38  Probe  
  68  8:42  Assimilator  
  68  8:45  Assimilator  
  68  8:48  Stalker  
Show
View Real Time Build Order
Export as new Build Order

SticklerMac Zerg 

Build Orders: Pool First 

Get SALT Encoding   

  12  0:18  Spawning Pool  
  11  0:23  Drone  
  12  0:29  Drone, Extractor  
  12  0:34  Drone  
  13  0:41  Drone  
  14  0:49  Overlord  
  14  1:15  Queen  
  16  1:22  Drone x3  
  19  1:43  Drone  
  19  1:45  Drone  
  19  1:46  Metabolic Boost  
  21  1:57  Overlord  
  21  2:17  Drone  
  22  2:30  Lair  
  22  2:31  Zergling x2  
  22  2:32  Zergling x4  
  25  2:39  Zergling x2  
  26  2:49  Hatchery  
  25  2:53  Zergling x2  
  26  3:14  Zergling x6  
  26  3:19  Hatchery  
  28  3:25  Zergling x2  
  28  3:26  Zergling x4  
  29  3:39  Zergling x2  
  27  3:49  Queen  
  29  4:02  Zergling x2  
  30  4:03  Zergling x6  
  31  4:19  Zergling x6  
  31  4:29  Zergling x6  
  32  4:33  Queen, Zergling x2  
  32  4:34  Zergling x4  
  37  4:49  Zergling x8  
  37  4:57  Zergling x4  
  39  5:02  Zergling x2  
  39  5:03  Zergling x8  
  41  5:14  Zergling x2  
  41  5:15  Zergling x2  
  41  5:16  Zergling x2  
  41  5:17  Zergling x4  
  35  5:36  Zergling x2  
  35  5:38  Overlord x4  
  32  5:51  Zergling x2  
  32  5:52  Zergling x4  
  32  5:57  Drone  
  35  5:59  Zergling x4  
  36  6:09  Zergling x8  
  39  6:20  Zergling x2  
  39  6:21  Zergling x6  
  39  6:34  Zergling x2  
  39  6:35  Zergling x6  
  38  6:45  Zergling x6  
  39  6:55  Zergling x2  
  40  7:02  Zergling x4  
  39  7:15  Zergling x4  
  39  7:16  Zergling x8  
  41  7:28  Zergling x4  
  38  7:38  Zergling x8  
  38  7:44  Zergling x4  
  39  7:48  Zergling x2  
  40  8:04  Hatchery  
  39  8:05  Zergling x2  
  39  8:09  Zergling x2  
  41  8:24  Zergling x2  
  41  8:25  Zergling x4  
  41  8:26  Zergling x2  
  46  8:34  Zergling x4  
Tags
 
Add a new tag
Caveats
  • Supply blocks, unpowered buildings, or Contaminate may cause inaccurate times.
  • Supply counts are checked every 10 seconds.